 Dungeon Crawl Stone Soup version 0.21.1-1-g345015f (webtiles) character file.

382 vatarom the Agent of Entropy (level 6, 0/49 HPs)
             Began as a Demonspawn Abyssal Knight on May 4, 2018.
             Was a Priest of Lugonu.
             Slain by a gnoll
             ... wielding a +0 flail
              (8 damage)
             ... on level 5 of the Dungeon.
             The game lasted 00:09:00 (3480 turns).

vatarom the Agent of Entropy (DsAK)                 Turns: 3480, Time: 00:09:00

Health: 0/49       AC:  8    Str: 16    XL:     6   Next: 47%
Magic:  0/10       EV: 11    Int: 13    God:    Lugonu [***...]
Gold:   227        SH:  0    Dex: 13    Spells: 5/5 levels left

rFire    . . .     SeeInvis .   a - +1 falchion
rCold    . . .     Gourm    .   (no shield)
rNeg     . . .     Faith    .   b - +0 leather armour
rPois    .         Spirit   +   (no helmet)
rElec    .         Reflect  .   l - +2 cloak
rCorr    .         Harm     .   k - +0 pair of gloves
MR       .....     Rnd*Tele +   (no boots)
Stlth    +.........             (no amulet)
HPRegen  0.16/turn              r - ring of teleportation (curse)
MPRegen  0.12/turn              (no ring)

@: no status effects
A: claws 2, rugged brown scales 1, strong 1, evolution 1, magic shield
a: Depart the Abyss, Bend Space, Banish, Renounce Religion


You were on level 5 of the Dungeon.
You worshipped Lugonu.
Lugonu was most pleased with you.
You were not hungry.

You visited 2 branches of the dungeon, and saw 6 of its levels.
You visited the Abyss 1 time.

You collected 227 gold pieces.

Inventory:

Hand Weapons
 a - a +1 falchion (weapon)
Armour
 b - a +0 leather armour (worn)
 k - a +0 pair of gloves (worn)
 l - a +2 cloak (worn)
Jewellery
 d - an uncursed ring of protection from cold {unknown}
 r - a cursed ring of teleportation (left hand)
Scrolls
 e - 2 scrolls of teleportation
 h - 3 scrolls of remove curse {unknown}
 i - a scroll of magic mapping
 o - a scroll of enchant weapon {unknown}
 q - 2 scrolls of amnesia
Potions
 f - 2 potions of brilliance
Comestibles
 c - 11 rations
 g - 2 chunks of flesh


   Skills:
 + Level 4.2 Fighting
 * Level 4.1 Long Blades
 - Level 1.7 Armour
 - Level 0.8 Dodging
 * Level 6.1 Invocations


You had 5 spell levels left.
You didn't know any spells.

Dungeon Overview and Level Annotations

Branches:
Dungeon (5/15)             Temple (1/1) D:4

Altars:
Ashenzari
Cheibriados
Dithmenos
Fedhas
Gozag
Hepliaklqana
Kikubaaqudgha
Nemelex Xobeh
Okawaru
Sif Muna
Trog
Uskayaw
Vehumet
Wu Jian
Xom

Annotations:
D:4 Gandalfino's ghost, amateur DrFE; Grinder


Innate Abilities, Weirdness & Mutations

You have very sharp fingernails.
You are partially covered in rugged brown scales. (AC +1, +3% HP)
When hurt, damage is shared between your health and your magic reserves.
Your muscles are strong. (Str +2)
You evolve.


Message History

You hit the gnoll but do no damage. The gnoll hits you.
The gnoll hits you with a flail!
* * * LOW HITPOINT WARNING * * *
You closely miss the gnoll. The gnoll hits you.
* * * LOW HITPOINT WARNING * * *
Unknown command.
Okay, then.
Space bends sharply around you!
The gnoll blinks!
You blink.
The gnoll hits you with a flail.
* * * LOW HITPOINT WARNING * * *
The gnoll barely misses you.
You riposte.
You hit the gnoll.
The gnoll is lightly wounded.
The gnoll closely misses you.
You riposte.
You barely miss the gnoll. You hit the gnoll but do no damage.
The gnoll hits you but does no damage. The gnoll closely misses you.
You closely miss the gnoll. The gnoll closely misses you.
The gnoll barely misses you.
You riposte.
You closely miss the gnoll.
Okay, then.
The gnoll hits you with a flail!
You die...

##.###.##.........#
#.................. #
#.....###.........# #
#......)).........# #
#.....###........## #
#.....# #........# #
#...g.###############
#.>.ggg.......[).....
#...@.###############
#.....# # #.....#
#.....# ###########
####### #..........
#(.........
#..........
#..........
#..........


You could see 4 gnolls.

Vanquished Creatures
  2 orc wizards
  A hound (D:5)
  A centaur skeleton (D:4)
  A gnoll shaman (D:5)
  A gnoll (D:5)
  6 adders
  An ooze (D:3)
  An adder zombie (D:5)
  2 worms (D:3)
  A dart slug (D:2)
  5 leopard geckos
  12 orcs
  A ball python (D:3)
  3 bats
  6 giant cockroaches
  3 hobgoblins
  3 jackals (D:1)
  A quokka (D:3)
  5 frilled lizards
  6 goblins
  6 kobolds
  6 rats
74 creatures vanquished.

Vanquished Creatures (others)
  A centaur (D:5)
  2 orc wizards
3 creatures vanquished.

Grand Total: 77 creatures vanquished

Notes
Turn   | Place    | Note
-------+----------+-------------------------------------------
     0 | Abyss:1  | vatarom the Demonspawn Abyssal Knight began the quest for the Orb.
     0 | Abyss:1  | Reached XP level 1. HP: 18/18 MP: 2/2
    22 | D:1      | Escaped the Abyss
   271 | D:1      | Reached skill level 3 in Invocations
   271 | D:1      | Gained mutation: You are partially covered in rugged brown scales. (AC +1, +3% HP) [demonic ancestry]
   271 | D:1      | Reached XP level 2. HP: 18/24 MP: 2/4
   568 | D:2      | Reached ** piety under Lugonu
   956 | D:2      | Found a shattered altar of Ashenzari.
  1033 | D:2      | Noticed a moth of wrath
  1035 | D:2      | Found a bloodstained altar of Trog.
  1296 | D:2      | Reached XP level 3. HP: 29/29 MP: 5/5
  1525 | D:3      | Reached skill level 4 in Invocations
  1525 | D:3      | Gained mutation: You have sharp fingernails. [demonic ancestry]
  1525 | D:3      | Reached XP level 4. HP: 21/36 MP: 5/7
  1992 | D:4      | Found a staircase to the Ecumenical Temple.
  2001 | Temple   | Entered the Ecumenical Temple
  2112 | D:4      | Found a glowing drain.
  2115 | D:4      | Noticed Grinder
  2123 | D:4      | Paralysed by Grinder for 2 turns
  2142 | D:4      | Paralysed by Grinder for 5 turns
  2173 | D:4      | Paralysed by Grinder for 6 turns
  2379 | D:3      | Gained mutation: When hurt, damage is shared between your health and your magic reserves. [demonic ancestry]
  2379 | D:3      | Reached XP level 5. HP: 36/43 MP: 8/8
  2401 | D:3      | Reached skill level 5 in Invocations
  2452 | D:4      | Found a hazy altar of Hepliaklqana.
  2466 | D:4      | Noticed Gandalfino's ghost (amateur DrFE)
  2886 | D:4      | Found a deep blue altar of Sif Muna.
  2892 | D:4      | Noticed a dagger
  2893 | D:4      | Noticed a dagger
  2897 | D:4      | Found a hide-covered altar of Uskayaw.
  2936 | D:5      | Entered Level 5 of the Dungeon
  3002 | D:5      | Reached XP level 6. HP: 34/49 MP: 6/10
  3003 | D:5      | Reached *** piety under Lugonu
  3060 | D:5      | Gained mutation: You evolve. [potion of mutation]
  3060 | D:5      | Gained mutation: You have very sharp fingernails. [potion of mutation]
  3060 | D:5      | Gained mutation: Your muscles are strong. (Str +2) [potion of mutation]
  3065 | D:5      | Found a sparkling altar of Nemelex Xobeh.
  3462 | D:5      | Reached skill level 6 in Invocations
  3480 | D:5      | Slain by a gnoll

Skill      XL: |  1  2  3  4  5  6 |
---------------+-------------------+-----
Long Blades    | 2 3 4 |  4.1
Invocations    | 3 4 5 6 |  6.1
Fighting       | 4 |  4.2
Armour         | |  1.7
Dodging        | |  0.8

Action                   |  1- 3 |  4- 6 || total
-------------------------+-------+-------++-------
Melee: Falchion          |   113 |   200 ||   313
Invok: Bend Space        |       |     2 ||     2
       Banish            |       |     1 ||     1
  Use: Scroll            |     4 |     1 ||     5
       Potion            |     2 |     8 ||    10
  Eat: Ration            |     1 |     2 ||     3
       Chunk             |       |     1 ||     1
Armor: Leather armour    |    49 |   116 ||   165
       Skin              |       |    16 ||    16
Dodge: Dodged            |    99 |   162 ||   261
       Rpst.: Falchion   |    40 |    55 ||    95
